 Dungeon Crawl Stone Soup version 0.31-a0-1363-g282adc679d (webtiles) character file.

Game seed: 9583633572985717383

93 Bnni the Digger (level 4, -3/33 HPs)
             Began as a Formicid Earth Elementalist on Dec 23, 2023.
             Slain by an orc priest
             ... wielding a +0 whip
              (5 damage)
             ... on level 3 of the Dungeon.
             The game lasted 00:02:41 (1936 turns).

Bnni the Digger (Formicid Earth Elementalist)       Turns: 1936, Time: 00:02:42

Health: -3/33      AC:  2    Str: 12    XL:     4   Next: 91%
Magic:  3/8        EV: 12    Int: 17    God:
Gold:   56         SH:  0    Dex: 14    Spells: 8/9 levels left

rFire   . . .        c - +0 dagger
rCold   . . .        (no shield)
rNeg    . . .        a - +0 robe
rPois   .            (helmet unavailable)
rElec   .            (no cloak)
rCorr   .            (no gloves)
SInv    +            (no boots)
Will    .....        (no amulet)
Stlth   +            (no ring)
HPRegen 0.25/turn    (no ring)
MPRegen 0.11/turn

%: no passive effects
@: confused
A: permanent stasis, dig shafts and tunnels, antennae 3, four strong arms
a: Dig, Shaft Self


You were on level 3 of the Dungeon.
You visited 1 branch of the dungeon, and saw 3 of its levels.

You collected 56 gold pieces.

Inventory:

Hand Weapons
 c - a +0 dagger (weapon)
Missiles
 e - a throwing net
Armour
 a - a +0 robe (worn)
Scrolls
 d - 3 scrolls of identify
Potions
 b - a potion of magic


   Skills:
 + Level 1.9 Fighting
 - Level 1.7 Dodging
 - Level 2.4 Stealth
 + Level 3.0 Spellcasting
 * Level 5.0 Earth Magic
 - Level 2.0 Alchemy


You had 8 spell levels left.
You knew the following spells:

 Your Spells              Type           Power      Damage    Failure   Level
a - Sandblast             Erth           38%        2d10      2%          1

Your spell library contained the following spells:

 Spells                   Type           Power      Damage    Failure   Level
 Passwall                 Alch/Erth      11%        N/A       6%          2
 Apportation              Tloc           4%         N/A       17%         1
 Shock                    Conj/Air       8%         1d3       17%         1
 Stone Arrow              Conj/Erth      22%        3d8       19%         3
 Jinxbite                 Hex            4%         N/A       26%         2
 Petrify                  Alch/Erth      14%        N/A       38%         4
 Brom's Barrelling Bould  Conj/Erth      11%        2d3       52%         4
 Airstrike                Air            1%         2d(1-17)  86%         4
 Alistair's Intoxication  Alch           6%         N/A       91%         5
 Swiftness                Air            Unusable   N/A       N/A         3

Dungeon Overview and Level Annotations

Branches:
Dungeon (3/15)

Altars:


Innate Abilities, Weirdness & Mutations

You cannot be hasted, slowed, berserked, paralysed or teleported.
You can dig through walls and to a lower floor.
You have a pair of large antennae on your head. (SInv)
Your four strong arms can wield two-handed weapons with a shield.


Message History

The orc priest invokes the aid of Beogh against you.
Beogh smites you!
Aiming: Sandblast (safe; 2% risk of failure)
Press: ? - help, Q - select action, (/) - cycle Shift-Dir - straight line, f - orc priest
Aim: an orc priest, wielding a +0 whip and wearing a +0 ring mail (84% to hit)
The blast of sand hits the orc priest but does no damage.
An orc comes into view. It is wielding a +0 dagger.
Unknown command.
Aiming: Sandblast (safe; 2% risk of failure)
Press: ? - help, Q - select action, (/) - cycle Shift-Dir - straight line, f/p - orc priest
Aim: an orc priest, wielding a +0 whip and wearing a +0 ring mail (84% to hit)
The blast of sand hits the orc priest but does no damage.
The orc shouts!
An orc comes into view. It is wielding a +0 mace.
The orc priest hits you with a +0 whip.
Aiming: Sandblast (safe; 2% risk of failure)
Press: ? - help, Q - select action, (/) - cycle Shift-Dir - straight line, f/p - orc priest
Aim: an orc priest, wielding a +0 whip and wearing a +0 ring mail (84% to hit)
The blast of sand hits the orc priest but does no damage.
An orc comes into view. It is wielding a +0 hand axe.
The orc wizard gestures at you while chanting.
You are confused.
The orc priest mumbles some strange prayers to Beogh against you.
Beogh smites you!
* * * LOW HITPOINT WARNING * * *
An orc comes into view. It is wielding a +0 hand axe.
Unknown command.
You're too confused to cast spells.
Unknown command.
Unknown command.
Okay, then.
You're too confused to cast spells.
You miss the orc priest.
The orc shouts! x2
The orc wizard points at you and mumbles some strange words.
The magic dart hits you!
* * * LOW HITPOINT WARNING * * *
An orc comes into view. It is wielding a +0 mace.
The orc priest hits you with a +0 whip.
You die...

.....................##.
.###)##.#.....#†#....##
.# #...................
.# #.........##.#....##o
.###..####..............
.....#####.........o.o.
...#..............o.#
.###.#####....<.#o..###.
## #.# #.#.##.@o)..... #
#.# #.#.####...#.## #
#.. ..#.# ....... #.#
####.# ##.#.## #.# ..#
.# # ## ### . . .#


You could see an orc priest, an orc wizard (invisible) and 4 orcs.

Vanquished Creatures
  3 adders
  2 worms (D:2)
  2 dart slugs
  An orc (D:3)
  8 endoplasms
  A giant cockroach (D:1)
  5 hobgoblins
  4 jackals (D:1)
  2 quokkas
  8 ball pythons
  6 bats
  A frilled lizard (D:3)
  4 goblins
  6 kobolds
  A rat (D:1)
54 creatures vanquished.

Notes
Turn   | Place    | Note
-------+----------+-------------------------------------------
     0 | D:1      | Bnni the Formicid Earth Elementalist began the quest for
                  | the Orb.
     0 | D:1      | Reached XP level 1. HP: 13/13 MP: 3/3
    97 | D:1      | Reached XP level 2. HP: 20/20 MP: 3/5
   288 | D:1      | Reached skill level 4 in Earth Magic
   518 | D:1      | Reached XP level 3. HP: 25/25 MP: 2/6
   593 | D:1      | Reached skill level 1 in Fighting
  1233 | D:2      | Reached XP level 4. HP: 32/32 MP: 5/8
  1794 | D:3      | Reached skill level 5 in Earth Magic
  1936 | D:3      | Slain by an orc priest

Illustrated notes

Levels and vault maps discovered:
D:1:      amcnicky_arrival_abandoned_market, layout_loops_ring, st_stairs_9,
          grunt_decor_one_mirror, serial_bayou_lagoon_b
D:2:      layout_basic
D:3:      layout_basic

Skill      XL: |  1  2  3  4 |
---------------+-------------+-----
Alchemy        | 2 |  2.0
Earth Magic    | 4 5 |  5.0
Fighting       | 1 |  1.9
Spellcasting   | 3 |  3.0
Dodging        | |  1.7
Stealth        | |  2.4

Action                     |  1- 3 |  4- 6 || total
---------------------------+-------+-------++-------
  Melee: Dagger            |       |     1 ||     1
   Cast: Sandblast         |    40 |    36 ||    76
    Use: Scroll            |       |     1 ||     1
 Armour: Robe              |     4 |    10 ||    14
  Dodge: Dodged            |     9 |     5 ||    14

Table legend: (Time is in decaauts)
 A = Elapsed time spent in this place.
 B = Non-inter-level travel time spent in this place.
 C = Inter-level travel time spent in this place.
 D = Time resting spent in this place.
 E = Time spent auto-exploring this place.
 F = Levels seen in this place.
 G = Mean time per level.
                   A        B        C        D        E       F      G
               +--------+--------+--------+--------+--------+-----+--------+
         Total |   1993 |   1913 |     80 |      0 |   1637 |   3 |  664.3 |
       Dungeon |   1993 |   1913 |     80 |      0 |   1637 |   3 |  664.3 |
               +--------+--------+--------+--------+--------+-----+--------+

Top non-repeatable levels by time:
     D:1: 1024 daAuts
     D:2: 801 daAuts
     D:3: 168 daAuts
